 Seeded DCSS version 0.29.1-15-g9cfb28693d (webtiles) character file.

Game seed: 1 (custom seed)

16287 Kazon the Carver (level 12, -13/96 HPs)
             Began as a Barachi Fighter on Apr 13, 2023.
             Was a High Priest of Okawaru.
             Mangled by a komodo dragon (17 damage)
             ... on level 1 of the Lair of Beasts on Apr 14, 2023.
             The game lasted 00:57:22 (9976 turns).

Kazon the Carver (Barachi Fighter)                  Turns: 9976, Time: 00:57:22

Health: -13/96     AC: 11    Str: 17    XL:     12   Next: 35%
Magic:  15/15      EV: 15    Int: 11    God:    Okawaru [*****.]
Gold:   114        SH:  0    Dex: 15    Spells: 11/11 levels left

rFire   + + +      SeeInvis .   v - +1 great sword (vamp)
rCold   + + +      Faith    .   (shield currently unavailable)
rNeg    + . .      Spirit   .   A - +3 leather armour {rC+}
rPois   +          Reflect  .   k - +0 helmet
rElec   .          Harm     .   M - scarf {rC+ rF+}
rCorr   .          Rampage  .   (no gloves)
Will    .....                   m - +2 pair of boots
Stlth   ++++......              L - amulet "Odemouw" {Contam rPois rF+++ Regen+ Stlth+}
HPRegen 1.06/turn               s - ring of positive energy
MPRegen 0.14/turn               B - ring of protection from cold

@: slow
A: amphibious, slowness 1, strong legs 1, +LOS
a: Hop, Renounce Religion, Heroism, Finesse, Duel


You were on level 1 of the Lair of Beasts.
You worshipped Okawaru.
Okawaru was extremely pleased with you.
You visited 3 branches of the dungeon, and saw 13 of its levels.

You collected 890 gold pieces.
You spent 776 gold pieces at shops.

Inventory:

Hand Weapons
 e - a +2 dagger of venom
 v - a +1 vampiric great sword (weapon)
 P - the +5 long sword of the Land of Plenty {drain, Dex+3}
   (You found it on level 10 of the Dungeon)

   A truly terrible weapon, it drains the life of any living foe it strikes.
   Dex:       It affects your dexterity (+3).
Missiles
 l - 4 curare-tipped darts
 o - 21 boomerangs
 r - a throwing net
 H - 34 poisoned darts (quivered)
 Q - a silver boomerang
Armour
 c - a +0 buckler
 k - a +0 helmet (worn)
 m - a +2 pair of boots (worn)
 A - a +3 leather armour of cold resistance (worn)
 G - +0 acid dragon scales
 M - a scarf of resistance (worn)
Jewellery
 j - a ring of protection from cold
 s - a ring of positive energy (left hand)
 B - a ring of protection from cold (right hand)
 L - the amulet "Odemouw" (around neck) {Contam rPois rF+++ Regen+ Stlth+}
   (You bought it in a shop on level 8 of the Dungeon)

   [amulet of regeneration]

   rF:        It renders you almost immune to fire.
   rPois:     It protects you from poison.
   Contam:    It causes magical contamination when unequipped.
   Regen:     It increases your rate of health regeneration.
   Stlth:     It makes you more stealthy.
Wands
 y - a wand of mindburst (17)
 z - a wand of flame (33)
 E - a wand of paralysis (25)
 J - a wand of roots (6)
 O - a wand of polymorph (7)
Scrolls
 i - 2 scrolls of identify
 n - a scroll of immolation
 p - 2 scrolls of poison {unknown}
 q - 3 scrolls of fog
 t - 4 scrolls of teleportation
 u - a scroll of magic mapping
 w - 2 scrolls of noise
 D - 2 scrolls of enchant weapon
 I - 2 scrolls of fear
 R - a scroll of vulnerability {unknown}
Potions
 a - 2 potions of ambrosia {unknown}
 b - 4 potions of berserk rage {unknown}
 d - 2 potions of might
 f - 6 potions of lignification
 g - 2 potions of flight
 x - 2 potions of haste
 C - 2 potions of cancellation
 F - 2 potions of curing
 N - a potion of invisibility
 S - a potion of heal wounds
Miscellaneous
 h - a phial of floods
 K - a condenser vane


   Skills:
 + Level 9.6 Fighting
 + Level 5.7(9.8) Short Blades
 + Level 13.2(13.8) Long Blades
 + Level 6.1 Throwing
 + Level 7.6 Armour
 + Level 7.5 Dodging
 + Level 5.1 Stealth
 + Level 3.5 Shields
 * Level 5.0 Invocations
 * Level 6.7 Evocations


You had 11 spell levels left.
You didn't know any spells.
Your spell library contained the following spells:

 Spells                   Type           Power      Damage    Failure   Level
 Apportation              Tloc           0%         N/A       38%         1
 Magic Dart               Conj           0%         1d3       38%         1
 Necrotise                Necr           0%         1d4       38%         1
 Sting                    Tmut/Pois      0%         1d3       38%         1
 Poisonous Vapours        Pois/Air       0%         N/A       52%         2
 Mephitic Cloud           Conj/Pois/Air  0%         N/A       77%         3
 Ozocubu's Armour         Ice            0%         N/A       77%         3
 Olgreb's Toxic Radiance  Pois           0%         N/A       99%         4
 Fireball                 Conj/Fire      0%         3d3       100%        5
 Iskenderun's Battlesphe  Conj           0%         2d6       100%        5
 Metabolic Englaciation   Hex/Ice        0%         N/A       100%        5
 Conjure Ball Lightning   Conj/Air       0%         3x3d6     100%        6
 Orb of Destruction       Conj           0%         9d5       100%        7
 Summon Small Mammal      Summ           Unusable   N/A       N/A         1
 Call Imp                 Summ           Unusable   N/A       N/A         2
 Simulacrum               Ice/Necr       Unusable   N/A       N/A         6

Dungeon Overview and Level Annotations

Branches:
Dungeon (11/15)            Temple (1/1) D:7            Lair (1/5) D:10
    Orc: D:9-12

Altars:
Ashenzari
Dithmenos
Elyvilon
Fedhas
Gozag
Hepliaklqana
Makhleb
Nemelex Xobeh
Okawaru
Qazlal
Uskayaw
Xom

Shops:
D:3 (   D:8 ?(==   D:10 :


Innate Abilities, Weirdness & Mutations

You are amphibious.
You cover ground slowly.
You can hop short distances.
You have an extended range of vision and can be seen from far away.


Message History

The komodo dragon is lightly wounded.
The komodo dragon bites you.
You closely miss the komodo dragon.
The komodo dragon is lightly wounded.
The komodo dragon bites you but does no damage.
Unknown command.
You closely miss the komodo dragon.
The komodo dragon is lightly wounded.
The komodo dragon bites you!!
You barely miss the komodo dragon.
The komodo dragon is lightly wounded.
The komodo dragon barely misses you.
You slash the komodo dragon!
You feel better.
The komodo dragon is heavily wounded.
The komodo dragon closely misses you.
You hit the komodo dragon.
The komodo dragon is heavily wounded.
The komodo dragon bites you!!
* * * LOW HITPOINT WARNING * * *
You hit the komodo dragon but do no damage.
The komodo dragon is heavily wounded.
The komodo dragon misses you.
You hit the komodo dragon.
The komodo dragon is heavily wounded.
The komodo dragon barely misses you.
You slash the komodo dragon!
The komodo dragon is almost dead.
The komodo dragon bites you.
* * * LOW HITPOINT WARNING * * *
You hit the komodo dragon but do no damage.
The komodo dragon is almost dead.
The komodo dragon barely misses you.
You hit the komodo dragon but do no damage.
The komodo dragon is almost dead.
The komodo dragon bites you!!
* * * LOW HITPOINT WARNING * * *
You closely miss the komodo dragon.
The komodo dragon is almost dead.
The komodo dragon bites you!
You die...

..............~~.~~............#
P.###.#####....~~~≈....#.#.#.#.#
#.###.#####....P~~.....#.#.###.#
............P..................#
..##.####..............###.###.#
.###.#.##........##..#####.###.#
...............................#
#.###.#.#.#.##..##.#.#.###.###.#
...............l@..............#
####..............##...##......#
####...............#...##......#
...............................##
#.#.##........###..#P.##...###.P#
#..###........###.###.####.###.##
...............................##
...#.##P.......###..##.#.P###P.P#
...............................##


You could see a komodo dragon.

Vanquished Creatures
  Erolcha (D:10)
  A two-headed ogre (D:9)
  An ugly thing (D:11)
  2 black mambas
  A cane toad (Lair:1)
  Maggie (D:6)
  3 komodo dragons (Lair:1)
  4 kobold demonologists (D:11)
  2 trolls (D:10)
  Prince Ribbit (D:9)
  2 shadows
  A vampire (D:10)
  25 yaks
  2 wyverns
  A basilisk (Lair:1)
  Eustachio (D:5)
  2 steam dragons
  Menkaure (D:5)
  Edmund (D:6)
  2 acid dragons
  4 water moccasins
  5 orc warriors
  An ice beast (D:8)
  5 sky beasts
  2 black bears (D:6)
  5 centaurs
  An ogre (D:6)
  A wolf (D:10)
  2 phantoms (D:6)
  3 kobold brigands
  3 necrophages
  3 bullfrogs
  A gnoll sergeant (D:7)
  5 scorpions
  21 wights
  3 killer bees (D:10)
  An electric eel (D:10)
  A howler monkey (D:5)
  2 jellies (D:6)
  6 hounds
  7 orc priests
  A gnoll bouda (D:7)
  6 iguanas
  4 orc wizards
  Robin (D:3)
  15 gnolls
  13 adders
  3 shadow imps
  2 white imps (D:7)
  An ufetubus (D:5)
  3 worms
  37 orcs
  11 endoplasms
  A giant cockroach (D:1)
  16 goblins
  9 hobgoblins
  A jackal (D:4)
  27 kobolds
  5 ball pythons
  4 bats
  3 frilled lizards
  6 rats
306 creatures vanquished.

Vanquished Creatures (others)
  A quokka (D:7)
  A fungus (Lair:1)
2 creatures vanquished.

Grand Total: 308 creatures vanquished

Notes
Turn   | Place    | Note
-------+----------+-------------------------------------------
     0 | D:1      | Kazon the Barachi Fighter began the quest for the Orb.
     0 | D:1      | Reached XP level 1. HP: 18/18 MP: 1/1
    97 | D:1      | Identified a scroll of acquirement
    97 | D:1      | Acquired a +1 vampiric great sword
   243 | D:1      | Reached XP level 2. HP: 22/25 MP: 2/2
   303 | D:1      | Reached skill level 3 in Long Blades
   655 | D:2      | Reached XP level 3. HP: 30/30 MP: 3/3
  1045 | D:2      | You fall into a shaft and drop 1 floor!
  1109 | D:2      | Reached skill level 4 in Long Blades
  1294 | D:2      | Reached XP level 4. HP: 16/37 MP: 4/4
  1693 | D:3      | Found Umat's Antique Weapon Boutique.
  1831 | D:3      | Noticed Robin
  1851 | D:3      | Killed Robin
  1852 | D:3      | Reached XP level 5. HP: 25/39 MP: 5/5
  1902 | D:3      | Reached skill level 7 in Long Blades
  1902 | D:3      | Reached XP level 6. HP: 41/51 MP: 6/6
  2474 | D:4      | Reached skill level 5 in Short Blades
  2474 | D:4      | Reached XP level 7. HP: 59/59 MP: 7/7
  2738 | D:4      | Found a hazy altar of Hepliaklqana.
  3197 | D:5      | Entered Level 5 of the Dungeon
  3222 | D:5      | Noticed Eustachio
  3246 | D:5      | Reached skill level 5 in Dodging
  3257 | D:5      | Killed Eustachio
  3258 | D:5      | Reached skill level 1 in Evocations
  3294 | D:5      | Reached skill level 8 in Long Blades
  3294 | D:5      | Reached XP level 8. HP: 67/67 MP: 8/8
  3934 | D:5      | Noticed Menkaure
  3945 | D:5      | Killed Menkaure
  3946 | D:5      | Reached skill level 5 in Throwing
  4252 | D:6      | Reached XP level 9. HP: 64/72 MP: 9/9
  4338 | D:7      | Found a staircase to the Ecumenical Temple.
  4353 | Temple   | Entered the Ecumenical Temple
  4360 | Temple   | Became a worshipper of Warmaster Okawaru
  4437 | D:7      | Found a hide-covered altar of Uskayaw.
  4508 | D:6      | Noticed Edmund
  4521 | D:6      | Killed Edmund
  4569 | D:6      | Reached * piety under Okawaru
  4570 | D:6      | Reached skill level 1 in Invocations
  4620 | D:6      | Reached skill level 9 in Long Blades
  4624 | D:6      | Reached ** piety under Okawaru
  4808 | D:6      | Reached XP level 10. HP: 79/80 MP: 11/11
  4824 | D:6      | Noticed Maggie
  4839 | D:6      | Killed Maggie
  5384 | D:7      | Reached skill level 10 in Long Blades
  5514 | D:7      | Found a white marble altar of Elyvilon.
  5733 | D:8      | Found Quzidd's Magic Scroll Emporium.
  5738 | D:8      | Bought a scroll of teleportation for 42 gold pieces
  6127 | D:8      | Found Esumer's Weapon Shop.
  6278 | D:8      | Found Heidghoki's Jewellery Shop.
  6442 | D:8      | Found Zoxtaeshakh's Jewellery Boutique.
  6593 | D:9      | Reached *** piety under Okawaru
  6702 | D:9      | Noticed Prince Ribbit
  6718 | D:9      | Killed Prince Ribbit
  7128 | D:9      | Noticed a two-headed ogre
  7140 | D:9      | Killed a two-headed ogre
  7141 | D:9      | Reached skill level 5 in Evocations
  7141 | D:9      | Reached XP level 11. HP: 78/86 MP: 10/13
  7222 | D:10     | Entered Level 10 of the Dungeon
  7274 | D:10     | Found a staircase to the Lair.
  7280 | D:10     | Reached **** piety under Okawaru
  7284 | D:10     | Reached skill level 11 in Long Blades
  7381 | D:10     | Reached ***** piety under Okawaru
  7509 | D:10     | Found Juagoaq's Book Shoppe.
  7554 | D:10     | Reached skill level 5 in Stealth
  8094 | D:10     | Identified the +5 long sword of the Land of Plenty {drain,
                  | Dex+3}
  8112 | D:10     | Noticed Erolcha
  8119 | D:10     | Killed Erolcha
  8119 | D:10     | Received a gift from Okawaru
  8380 | D:11     | Noticed a green ugly thing
  8387 | D:11     | Killed a green ugly thing
  8409 | D:11     | Reached skill level 12 in Long Blades
  8688 | D:11     | Reached XP level 12. HP: 48/95 MP: 12/15
  8869 | D:8      | Bought the amulet "Odemouw" {Contam rPois rF+++ Regen+
                  | Stlth+} for 734 gold pieces
  9264 | D:11     | Received a gift from Okawaru
  9480 | Lair:1   | Entered Level 1 of the Lair of Beasts
  9562 | Lair:1   | Reached skill level 13 in Long Blades
  9872 | Lair:1   | Reached skill level 5 in Invocations
  9975 | Lair:1   | HP: 3/96 [komodo dragon (24)]
  9976 | Lair:1   | Mangled by a komodo dragon

Illustrated notes

Levels and vault maps discovered:
D:1:      dpeg_arrival_three_smaller_balls, layout_basic
D:2:      layout_loops_ring
D:3:      layout_basic, serial_shops, nicolae_shop_stone, st_stairs_9,
          minmay_misc_feat_doors, eino_curves_03, uniq_robin
D:4:      minmay_wonky_spiral, layout_basic,
          mainiacjoe_overflow_surrounded_room, minivault_5
D:5:      layout_cave_pods, uniq_menkaure, uniq_eustachio
D:6:      cheibrodos_barr_body, layout_basic, minmay_crystal_room,
          minmay_pentangle, uniq_maggie, uniq_edmund
D:7:      layout_cave_pools, nicolae_uskayaw_murder_on_the_dancefloor,
          elyvilon_altar_4, minmay_temple_entry_purple_smoke
D:8:      layout_basic, serial_shops, shop_statue, kennysheep_little_box, shop,
          nicolae_shop_window_shopping
D:9:      layout_cave_pools, uniq_prince_ribbit1
D:10:     layout_stronghold, erik_lair_island, serial_shops,
          nicolae_shop_statue_plus, uniq_erolcha
D:11:     layout_roguey
Temple:   nicolae_temple_bog_church
Lair:1:   layout_long_grid, fungi_pond_lemuel, cheibrodos_lair_reptile_den

Skill      XL: |  1  2  3  4  5  6  7  8  9 10 11 12 |
---------------+-------------------------------------+-----
Long Blades    | 3 4 7 8 9 10 12 13 | 13.2
Armour         | 4 7 |  7.6
Fighting       | 4 6 7 8 9 |  9.6
Short Blades   | 4 5 |  5.7
Throwing       | 4 5 6 |  6.1
Dodging        | 4 5 6 7 |  7.5
Stealth        | 4 5 |  5.1
Evocations     | 1 2 3 5 6 |  6.7
Invocations    | 1 3 4 5 |  5.0
Shields        | |  3.5

Action                   |  1- 3 |  4- 6 |  7- 9 | 10-12 || total
-------------------------+-------+-------+-------+-------++-------
Melee: Great sword       |   103 |    43 |   200 |   507 ||   853
       Long sword        |     1 |       |       |     1 ||     2
       Dagger            |       |    61 |    68 |    81 ||   210
       Punch             |       |     1 |     1 |     1 ||     3
Throw: Stone             |    15 |    13 |    31 |    51 ||   110
       Boomerang         |       |    12 |    23 |    45 ||    80
       Dart              |       |       |       |    20 ||    20
Invok: Heroism           |       |       |       |     7 ||     7
 Abil: Hop               |     1 |       |       |     1 ||     2
Evoke: Wand              |       |       |     1 |    15 ||    16
  Use: Scroll            |     1 |       |     3 |    12 ||    16
       Potion            |       |     1 |     3 |     1 ||     5
 Stab: Sleeping          |       |       |     5 |    14 ||    19
Armor: Scale mail        |    58 |    33 |    31 |       ||   122
       Leather armour    |       |       |    87 |   141 ||   228
Dodge: Dodged            |    78 |    62 |   235 |   412 ||   787
Block: Buckler           |     3 |       |       |       ||     3
